 Dungeon Crawl Stone Soup version 0.31-a0-112-gdf0485fa37 (webtiles) character file.

Game seed: 4828429723206096082

312 sampeng1 the Chopper (level 6, 0/48 HPs)
             Began as a Human Berserker on May 29, 2023.
             Was a Believer of Trog.
             Slain by a white imp (2 damage)
             ... on level 6 of the Dungeon.
             The game lasted 00:09:46 (3211 turns).

sampeng1 the Chopper (Human Berserker)              Turns: 3211, Time: 00:09:46

Health: 0/48       AC: 15    Str: 19    XL:     6   Next: 70%
Magic:  6/6        EV:  7    Int:  7    God:    Trog [**....]
Gold:   241        SH:  0    Dex: 19    Spells: 5/5 levels left

rFire   . . .        n - +0 scythe
rCold   . . .        (shield currently unavailable)
rNeg    . . .        o - +1 plate armour
rPois   .            (no helmet)
rElec   .            (no cloak)
rCorr   .            h - +2 pair of gloves
SInv    .            (no boots)
Will    .....        (no amulet) Stlth
                     e - +6 ring of dexterity
HPRegen 0.28/turn    (no ring)
MPRegen 0.10/turn

%: no passive effects
@: on berserk cooldown
A: no striking features
a: Renounce Religion, Berserk, Trog's Hand


You were on level 6 of the Dungeon.
You worshipped Trog.
Trog was pleased with you.
You visited 1 branch of the dungeon, and saw 6 of its levels.

You collected 241 gold pieces.

Inventory:

Hand Weapons
 a - a +0 vampiric hand axe
 n - a +0 scythe (weapon)
Missiles
 d - 11 poisoned darts (quivered)
 k - 6 javelins
Armour
 h - a +2 pair of gloves (worn)
 o - a +1 plate armour (worn)
Jewellery
 e - a +6 ring of dexterity (left hand)
Wands
 j - a wand of acid (8)
Scrolls
 b - a scroll of magic mapping {unknown}
 l - 2 scrolls of teleportation
 m - a scroll of poison {unknown}
Potions
 c - a potion of magic
 f - a potion of attraction
 g - a potion of invisibility
 i - 2 potions of haste


   Skills:
 + Level 4.3 Fighting
 - Level 4.3 Axes
 + Level 0.1(2.5) Polearms
 + Level 3.6 Armour
 + Level 3.6 Dodging


You had 5 spell levels left.
You didn't know any spells.
Your spell library was empty.

Dungeon Overview and Level Annotations

Branches:
Dungeon (6/15)             Temple (0/1) D:4

Altars:


Message History

You puncture the orc!
You kill the orc!
Trog accepts your kill.
You feel yourself speed up. The orc hits you with a +0 club.
The orc barely misses you.
A white imp comes into view.
The orc hits you but does no damage. The orc barely misses you.
You completely miss the orc. The orc hits you but does no damage.
The orc barely misses you. The orc hits you but does no damage.
The orc barely misses you. The orc hits you but does no damage.
The orc barely misses you. The orc hits you with a +0 mace.
The orc hits you but does no damage.
You slash the orc!
You kill the orc!
Trog accepts your kill.
The orc hits you but does no damage. x2; The orc hits you with a +0 club.
You slash the orc!
You kill the orc!
Trog accepts your kill. The orc hits you but does no damage. x2
A scorpion comes into view.
You puncture the orc!
You kill the orc!
Trog accepts your kill. The orc hits you with a +0 club.
The orc hits you but does no damage.
You barely miss the orc. The white imp gestures at you.
The puff of frost hits you.
* * * LOW HITPOINT WARNING * * *
The orc hits you with a +0 club.
* * * LOW HITPOINT WARNING * * *
You puncture the orc!
You kill the orc!
Trog accepts your kill. The white imp gestures at you.
The puff of frost hits you!
* * * LOW HITPOINT WARNING * * *
You completely miss the white imp. The white imp barely misses you.
The white imp hits you.
You die...

##........##........#.......#...
##########........#........##..
...........##.......###.
....................# #.
..........###.......###.
.........## #...........
.........)###(#.....###.
......s..#[...#.....##..
#.....5@.))..####....#..
#.....))..)...###.......
#..........(..##........
#...#..........#........ ..#
##.............(.... .
##......###.....#.. .##...##
###...... .. ....# ###.##. .#
#.... #....


You could see a scorpion and a white imp.

Vanquished Creatures
  A howler monkey (D:4)
  A hound (D:6)
  An orc priest (D:5)
  2 iguanas
  7 adders
  2 ufetubi (D:4)
  3 worms
  3 dart slugs
  8 orcs
  3 endoplasms
  2 giant cockroaches
  3 goblins
  15 hobgoblins
  4 jackals (D:3)
  A quokka (D:4)
  5 ball pythons
  2 bats
  A frilled lizard (D:1)
  5 kobolds
  4 rats
73 creatures vanquished.

Notes
Turn   | Place    | Note
-------+----------+-------------------------------------------
     0 | D:1      | sampeng1 the Human Berserker began the quest for the Orb.
     0 | D:1      | Reached XP level 1. HP: 18/18 MP: 1/1
   387 | D:1      | You fall into a shaft and drop 1 floor!
   442 | D:2      | Reached XP level 2. HP: 24/24 MP: 2/2
   647 | D:1      | Reached XP level 3. HP: 25/29 MP: 3/3
  1275 | D:2      | Reached XP level 4. HP: 33/35 MP: 4/4
  1726 | D:3      | Found a faded altar of an unknown god.
  2045 | D:3      | Reached ** piety under Trog
  2145 | D:4      | Reached XP level 5. HP: 42/42 MP: 5/5
  2569 | D:4      | Reached XP level 6. HP: 48/48 MP: 6/6
  2820 | D:4      | Found a staircase to the Ecumenical Temple.
  2882 | D:5      | Entered Level 5 of the Dungeon
  3201 | D:6      | Identified the ring "Ynouwk" {Contam rN+ Will+ AC+4 SInv}
  3210 | D:6      | HP: 1/48 [white imp/puff of frost (8)]
  3211 | D:6      | Slain by a white imp

Illustrated notes

Levels and vault maps discovered:
D:1:      erik_arrival_cave_to_civilisation [erik_arrival_cave_to_hall],
          layout_basic
D:2:      layout_basic
D:3:      layout_rooms, basic_ecumenical_altar, minmay_misc_feat_square,
          chequers_serial_rivers_micro_c
D:4:      layout_basic, minmay_temple_entry_drinking_statues
D:5:      kb_forest_paths, layout_loops_corners, nicolae_uskayaw_dance_hall,
          chequers_jeans, uniq_blork_the_orc
D:6:      layout_cave_pools, kennysheep_cross_room, sigmund_army

Skill      XL: |  1  2  3  4  5 |
---------------+----------------+-----
Armour         | 3 |  3.6
Dodging        | 3 |  3.6
Axes           | 4 |  4.3
Fighting       | 4 |  4.3
Polearms       | |  0.1

Action                     |  1- 3 |  4- 6 || total
---------------------------+-------+-------++-------
  Melee: Hand axe          |    82 |   171 ||   253
         Halberd           |       |    10 ||    10
 Invoke: Berserk           |       |     1 ||     1
    Use: Scroll            |     5 |     5 ||    10
         Potion            |       |     4 ||     4
 Armour: Ring mail         |    22 |       ||    22
         Animal skin       |     3 |       ||     3
         Scale mail        |    10 |       ||    10
         Chain mail        |       |    24 ||    24
         Plate armour      |       |    99 ||    99
  Dodge: Dodged            |    63 |    90 ||   153

Table legend: (Time is in decaauts)
 A = Elapsed time spent in this place.
 B = Non-inter-level travel time spent in this place.
 C = Inter-level travel time spent in this place.
 D = Time resting spent in this place.
 E = Time spent auto-exploring this place.
 F = Levels seen in this place.
 G = Mean time per level.
                   A        B        C        D        E       F      G
               +--------+--------+--------+--------+--------+-----+--------+
         Total |   3251 |   3141 |    110 |     63 |   2205 |   6 |  541.8 |
       Dungeon |   3251 |   3141 |    110 |     63 |   2205 |   6 |  541.8 |
               +--------+--------+--------+--------+--------+-----+--------+

Top non-repeatable levels by time:
     D:1: 1004 daAuts
     D:4: 758 daAuts
     D:2: 611 daAuts
     D:3: 534 daAuts
     D:6: 181 daAuts
     D:5: 161 daAuts
